 Dungeon Crawl Stone Soup version 0.19-b1-1-g9a3527e (webtiles) character file.

3109 Dunking the Fighter (level 9, -7/129 HPs)
             Began as a Minotaur Berserker on Oct 27, 2016.
             Was an Elder of Trog.
             Mangled by a red ugly thing (18 damage)
             ... in a volcano.
             The game lasted 00:12:54 (8397 turns).

Dunking the Fighter (Minotaur Berserker)            Turns: 8397, Time: 00:12:55

Health: -7/129     AC: 11    Str: 28    XL:     9   Next: 60%
Magic:  8/8        EV: 11    Int:  4    God:    Trog [****..]
Gold:   334        SH:  0    Dex: 12    Spells: 0 memorised, 8 levels left

rFire  . . .     SeeInvis .     a - +1 war axe
rCold  . . .     Gourm    .     s - +0 chain mail
rNeg   . . .     Faith    .     (no shield)
rPois  .         Spirit   .     (helmet restricted)
rElec  .         Reflect  .     F - +0 cloak
rCorr  .         Harm     .     (no gloves)
MR     +....                    (no boots)
Stlth  ..........               (no amulet)
                                (no ring)
                                O - ring of protection from magic

@: berserking, very quick
A: retaliatory headbutt, horns 2
a: Berserk, Trog's Hand, Brothers in Arms, Burn Spellbooks, Renounce Religion


You were in a volcano.
You worshipped Trog.
Trog was greatly pleased with you.
You were not hungry.

You visited 2 branches of the dungeon, and saw 9 of its levels.
You also visited: Volcano.

You collected 334 gold pieces.

Inventory:

Hand Weapons
 a - a +1 war axe (weapon)
 b - a +1 trident of venom
 c - a +1 whip of freezing
 d - a +0 battleaxe
Armour
 s - a +0 chain mail (worn)
 F - a +0 cloak (worn)
 J - a +2 buckler
Jewellery
 A - an uncursed amulet of magic regeneration {unknown}
 L - an uncursed amulet of guardian spirit {unknown}
 O - a ring of protection from magic (left hand)
Wands
 p - a wand of flame (24/48)
 y - a wand of confusion (45/48)
 M - a wand of digging (9/24)
Scrolls
 e - a scroll of magic mapping
 h - a scroll of amnesia
 j - a scroll of fog {unknown}
 k - 2 scrolls of identify
 l - 2 scrolls of teleportation
 n - a scroll of noise {unknown}
 o - 2 scrolls of blinking {unknown}
 v - a scroll of immolation {unknown}
 w - 2 scrolls of enchant armour {unknown}
 B - 4 scrolls of remove curse
 K - a scroll of fear {unknown}
Potions
 f - 3 potions of curing {unknown}
 g - 3 potions of flight {unknown}
 i - 2 potions of might {unknown}
 q - a potion of brilliance {unknown}
 t - 2 potions of agility {unknown}
 u - a potion of ambrosia {unknown}
 x - a potion of mutation {unknown}
 z - a potion of magic {unknown}
 C - 4 potions of degeneration {unknown}
 D - a potion of resistance {unknown}
 E - a potion of invisibility {unknown}
Books
 I - a book of Air

   Spells                             Type                      Level
   a - Shock                          Conjuration/Air              1
   b - Swiftness                      Charms/Air                   2
   c - Repel Missiles                 Charms/Air                   2
   d - Static Discharge               Conjuration/Air              3
   e - Lightning Bolt                 Conjuration/Air              5
   Trog disapproves of the use of such an item.
Comestibles
 m - a chunk of flesh
 r - 14 fruits
 H - 2 meat rations
 N - 9 bread rations
 P - 10 royal jellies


   Skills:
 * Level 10.3 Fighting
 + Level 9.2 Axes
 - Level 7.1 Armour
 + Level 4.5 Dodging
 - Level 5.2 Shields


You had 8 spell levels left.
You didn't know any spells.

Dungeon Overview and Level Annotations

Branches:
Dungeon (8/15)             Temple (0/1) D:5            Lair (1/6) D:8

Altars:
Gozag
Hepliaklqana
Ru
Trog
Xom
Yredelemnul


Innate Abilities, Weirdness & Mutations

You reflexively headbutt those who attack you in melee.
You have a pair of horns on your head.


Message History

You feel yourself moving faster!
You feel mighty! The red ugly thing barely misses you.
You closely miss the red ugly thing.
The red ugly thing is lightly wounded.
The red ugly thing tentacle-slaps you but does no damage.
You slash the red ugly thing!
The red ugly thing is moderately wounded.
The red ugly thing closely misses you.
You hit the red ugly thing. You headbutt the red ugly thing!
The red ugly thing is moderately wounded.
The red ugly thing tentacle-slaps you but does no damage.
You slash the red ugly thing! You headbutt the red ugly thing!!
The red ugly thing is severely wounded.
You slash the red ugly thing!
Your headbutt misses the red ugly thing.
The red ugly thing is almost dead.
The red ugly thing tentacle-slaps you!
* * * LOW HITPOINT WARNING * * *
You are engulfed in flames!!
You die...

.........####..$
#..∩∩....#
#.....#.##
###....#
#.....#.#
#...####.#
#.:).##.# .
.∩####..###. ##
#∩[@u.###
#######


You could see a red ugly thing.

Vanquished Creatures
  Pikel (D:8)
  3 fire bats (Lair:1)
  2 wargs (D:8)
  An orc warrior (D:7)
  A sky beast (D:8)
  A black bear (D:8)
  2 slaves (D:7)
  2 centaurs
  3 bullfrogs
  2 scorpions
  5 killer bees
  A howler monkey (D:5)
  4 crimson imps
  A centaur zombie (D:7)
  3 hounds
  4 jellies
  3 orc wizards (D:8)
  Crazy Yiuf (D:5)
  4 orc priests
  2 iguanas
  Terence (D:3)
  5 worker ants
  A hound skeleton (D:5)
  6 adders
  6 oozes
  An adder skeleton (D:8)
  3 worms
  2 dart slugs
  2 leopard geckos (D:1)
  15 orcs
  6 bats
  2 giant cockroaches (D:1)
  6 hobgoblins
  15 jackals
  4 quokkas
  A frilled lizard (D:1)
  6 goblins
  A jackal skeleton (D:6)
  8 kobolds
  9 rats
146 creatures vanquished.

Vanquished Creatures (others)
  2 slaves (D:8)
  A scorpion (D:8)
  A crimson imp (D:8)
  A hound (D:8)
  An adder (D:8)
  3 orcs (D:8)
9 creatures vanquished.

Grand Total: 155 creatures vanquished

Notes
Turn   | Place    | Note
-------+----------+-------------------------------------------
     0 | D:1      | Dunking the Minotaur Berserker began the quest for the Orb.
     0 | D:1      | Reached XP level 1. HP: 19/19 MP: 0/0
   257 | D:1      | Reached XP level 2. HP: 21/27 MP: 1/1
   877 | D:1      | Reached skill level 4 in Fighting
  1088 | D:1      | Reached ** piety under Trog
  1091 | D:1      | Reached XP level 3. HP: 28/33 MP: 2/2
  1977 | D:3      | Noticed Terence
  1996 | D:3      | Killed Terence
  1996 | D:3      | Reached XP level 4. HP: 41/41 MP: 3/3
  2273 | D:3      | Found a sacrificial altar of Ru.
  2470 | D:3      | Found an opulent altar of Gozag.
  2776 | D:4      | Reached XP level 5. HP: 39/47 MP: 4/4
  2909 | D:4      | Found a shimmering altar of Xom.
  2912 | D:4      | Found a basalt altar of Yredelemnul.
  2915 | D:4      | Found a hazy altar of Hepliaklqana.
  3286 | D:4      | Found a bloodstained altar of Trog.
  3295 | D:4      | Reached *** piety under Trog
  3551 | D:4      | Reached skill level 5 in Axes
  3799 | D:5      | Entered Level 5 of the Dungeon
  3873 | D:5      | Reached skill level 5 in Fighting
  3951 | D:5      | Found a staircase to the Ecumenical Temple.
  4075 | D:5      | Found a runed door.
  4199 | D:5      | Reached XP level 6. HP: 50/56 MP: 5/5
  4503 | D:5      | Noticed Crazy Yiuf
  4515 | D:5      | Killed Crazy Yiuf
  5128 | D:6      | Reached skill level 6 in Fighting
  5128 | D:6      | Reached skill level 5 in Armour
  5220 | D:6      | Reached XP level 7. HP: 61/63 MP: 6/6
  6070 | D:7      | Reached skill level 1 in Shields
  6472 | D:7      | Reached skill level 7 in Fighting
  6558 | D:7      | Reached XP level 8. HP: 62/73 MP: 7/7
  6755 | D:8      | Noticed Pikel
  6852 | D:8      | Killed Pikel
  6852 | D:8      | Reached skill level 5 in Shields
  7085 | D:8      | Reached skill level 8 in Fighting
  7559 | D:8      | Reached XP level 9. HP: 66/82 MP: 8/8
  7726 | D:8      | Reached skill level 9 in Fighting
  7896 | D:8      | Found a staircase to the Lair.
  7931 | D:8      | Reached **** piety under Trog
  8278 | Lair:1   | Entered Level 1 of the Lair of Beasts
  8307 | Lair:1   | Reached skill level 10 in Fighting
  8330 | Lair:1   | Found a dark tunnel.
  8381 | Volcano  | Entered a volcano
  8382 | Volcano  | Noticed a red devil
  8387 | Volcano  | Noticed a red ugly thing
  8397 | Volcano  | Mangled by a red ugly thing

Skill      XL: |  1  2  3  4  5  6  7  8  9 |
---------------+----------------------------+-----
Axes           | 4 5 6 8 9 |  9.2
Fighting       | 4 5 6 7 8 10 | 10.3
Dodging        | 3 4 |  4.5
Armour         | 3 4 5 7 |  7.1
Shields        | 3 5 |  5.2

Action                   |  1- 3 |  4- 6 |  7- 9 || total
-------------------------+-------+-------+-------++-------
Melee: Hand axe          |    57 |   139 |   186 ||   382
       Headbutt          |    10 |    22 |    56 ||    88
       War axe           |       |       |    60 ||    60
Invok: Berserk           |     1 |     1 |     4 ||     6
       Trog's Hand       |       |     1 |     3 ||     4
       Burn Spellbooks   |       |       |     1 ||     1
  Use: Scroll            |     3 |       |     6 ||     9
  Eat: Meat ration       |     1 |     1 |     1 ||     3
       Pizza             |       |     1 |     1 ||     2
       Chunk             |       |     4 |     7 ||    11
       Fruit             |       |       |     1 ||     1
       Royal jelly       |       |       |     2 ||     2
Armor: Animal skin       |     8 |       |       ||     8
       Chain mail        |       |    83 |   111 ||   194
Dodge: Dodged            |    42 |    82 |   158 ||   282
Block: Buckler           |       |       |    37 ||    37
